 Dungeon Crawl Stone Soup version 0.27.1 (webtiles) character file.

Game seed: 12053194219395391578

76 mainiacjoe the Vandal (level 4, -2/33 HPs)
             Began as a Djinni Hunter on Sept 4, 2021.
             Was an Initiate of Makhleb.
             Slain by an iguana (6 damage)
             ... on level 4 of the Dungeon.
             The game lasted 00:05:40 (2576 turns).

mainiacjoe the Vandal (Djinni Hunter)               Turns: 2576, Time: 00:05:42

Health: -2/33      AC: 10    Str: 12    XL:     4   Next: 57%
Gold:   135        EV:  5    Int: 18    God:    Makhleb [......] SH:  0 Dex: 14

rFire    + + .     SeeInvis .   a - +1 hunting sling
rCold    x . .     Faith    .   (no shield)
rNeg     . . .     Spirit   .   m - +0 chain mail
rPois    ∞         Reflect  .   (no helmet)
rElec    .         Harm     .   q - +0 cloak
rCorr    .         Rampage  .   r - +0 pair of gloves
Will     .....                  (boots unavailable)
Stlth    ..........             (no amulet)
HPRegen  0.11/turn              s - +6 ring of intelligence
MPRegen  0.00/turn              (no ring)

@: flying
A: sickness immunity, fire resistance 2, cold vulnerability 1, float, innate
caster, hp casting, extra vitality 1
a: Renounce Religion


You were on level 4 of the Dungeon.
You worshipped Makhleb.
Makhleb was noncommittal.
You visited 1 branch of the dungeon, and saw 4 of its levels.

You collected 135 gold pieces.

Inventory:

Hand Weapons
 a - a +1 hunting sling (weapon)
 b - a +0 short sword
Missiles
 d - 30 sling bullets (quivered ammo)
 f - 39 stones
 p - 30 bolts
 u - 20 poisoned darts
Armour
 c - a +0 leather armour
 m - a +0 chain mail (worn)
 q - a +0 cloak (worn)
 r - a +0 pair of gloves (worn)
Jewellery
 n - an amulet of faith
 s - a +6 ring of intelligence (left hand)
Scrolls
 g - a scroll of silence {unknown}
 h - 2 scrolls of enchant weapon {unknown}
 i - 2 scrolls of blinking
 j - 2 scrolls of magic mapping {unknown}
 k - a scroll of fog {unknown}
 o - a scroll of identify {unknown}
Potions
 e - a potion of heal wounds {unknown}
 l - 3 potions of brilliance {unknown}
 t - a potion of attraction {unknown}


   Skills:
 - Level 2.0 Fighting
 * Level 4.7 Slings
 - Level 2.1 Dodging
 - Level 0.7 Stealth


You had 2 spell levels left.
You knew the following spells:

 Your Spells              Type           Power      Damage    Failure   Level
a - Beastly Appendage     Tmut           0%         N/A       100%        1
Your spell library was empty.


Dungeon Overview and Level Annotations

Branches:
Dungeon (4/15)
 Temple: D:4-7

Altars:
Cheibriados
Makhleb
Ru
Trog

Shops:
D:1 [


Innate Abilities, Weirdness & Mutations

You are immune to sickness and miasma.
You are immune to poison.
Your flesh is very heat resistant. (rF++)
You are vulnerable to cold. (rC-)
You float through the air rather than walking.
You learn spells naturally, not from books.
Your magical power is your life essence.
You have superior vitality. (+4 HP)


Message History

You are too injured to fight recklessly!
You are too injured to fight recklessly!
You are too injured to fight recklessly!
Unknown command.
Fire: 35 sling bullets
Press: ? - help, Q - select action, (/) - cycle Shift-Dir - straight line, f/p - iguana
Aim: an iguana (severely wounded, 65% to hit)
You shoot a sling bullet.
The sling bullet hits the iguana but does no damage.
The iguana is severely wounded.
The iguana bites you.
Fire: 34 sling bullets
Press: ? - help, Q - select action, (/) - cycle Shift-Dir - straight line, f/p - iguana
Aim: an iguana (severely wounded, 64% to hit)
You shoot a sling bullet.
The sling bullet hits the iguana but does no damage.
The iguana is severely wounded.
The iguana bites you!
* * * LOW HITPOINT WARNING * * *
Fire: 33 sling bullets
Press: ? - help, Q - select action, (/) - cycle Shift-Dir - straight line, f/p - iguana
Aim: an iguana (severely wounded, 66% to hit)
You shoot a sling bullet.
The sling bullet hits the iguana but does no damage.
The iguana is severely wounded.
The iguana bites you but does no damage.
Fire: 32 sling bullets
Press: ? - help, Q - select action, (/) - cycle Shift-Dir - straight line, f/p - iguana
Aim: an iguana (severely wounded, 65% to hit)
You shoot a sling bullet.
The sling bullet closely misses the iguana.
The iguana bites you.
* * * LOW HITPOINT WARNING * * *
Fire: 31 sling bullets
Press: ? - help, Q - select action, (/) - cycle Shift-Dir - straight line, f/p - iguana
Aim: an iguana (severely wounded, 65% to hit)
You shoot a sling bullet. The sling bullet hits the iguana.
The iguana is severely wounded.
The iguana bites you.
You die...

......##
......#
..#... #....
#.... ##...##
..##.....#
.......@.#
........l.#
.........(.#
.........#.#
........##...
......### ...
.....# ...
....# ###


You could see an iguana.

Vanquished Creatures
  2 adders
  2 worms (D:2)
  2 dart slugs
  An orc (D:3)
  7 bats
  7 endoplasms
  A giant cockroach (D:2)
  2 goblins
  5 hobgoblins
  2 jackals (D:2)
  A quokka (D:1)
  4 ball pythons
  3 frilled lizards
  3 kobolds
  4 rats
46 creatures vanquished.

Notes
Turn   | Place    | Note
-------+----------+-------------------------------------------
     0 | D:1      | mainiacjoe the Djinni Hunter began the quest for the Orb.
     0 | D:1      | Reached XP level 1. HP: 18/18 MP: 0/0
   404 | D:1      | Found Daofauhein's Antique Armour Shop.
   513 | D:1      | Reached XP level 2. HP: 23/23 MP: 0/0
  1058 | D:2      | Reached skill level 4 in Slings
  1058 | D:2      | Reached XP level 3. HP: 28/28 MP: 0/0
  1058 | D:2      | Learned a level 1 spell: Beastly Appendage
  1635 | D:2      | Reached XP level 4. HP: 33/33 MP: 0/0
  2152 | D:3      | Found a snail-covered altar of Cheibriados.
  2152 | D:3      | Found a burning altar of Makhleb.
  2152 | D:3      | Found a bloodstained altar of Trog.
  2159 | D:3      | Found a sacrificial altar of Ru.
  2539 | D:3      | Became a worshipper of Makhleb the Destroyer
  2576 | D:4      | Slain by an iguana

Illustrated notes

Levels and vault maps discovered:
D:1:      tarquinn_simple_flora_water_e, layout_basic, serial_shops, shop,
          amcnicky_mini_corridor_feature
D:2:      layout_basic, chequers_mini_garden, kennysheep_path_1,
          serial_bayou_lagoon_a, palyth_stone_intersect
D:3:      layout_rooms, grunt_temple_overflow_cloverleaf
D:4:      layout_layer_cave, zin_treasury, mainiacjoe_overflow_alcove_1,
          mainiacjoe_overflow_six_doors_small, minmay_temple_entry_trees,
          nicolae_ossuary_entry_false_entrances

Skill      XL: |  1  2 |
---------------+-------+-----
Slings         | 4 |  4.7
Fighting       | |  2.0
Dodging        | |  2.1
Stealth        | |  0.7

Action                   |  1- 3 |  4- 6 || total
-------------------------+-------+-------++-------
 Fire: Hunting sling     |   113 |    45 ||   158
  Use: Scroll            |     1 |       ||     1
Armor: Leather armour    |     5 |       ||     5
       Chain mail        |    25 |     5 ||    30
Dodge: Dodged            |    19 |     1 ||    20
